 Dungeon Crawl Stone Soup version 0.26-a0-362-g1d9a9cd4fa (webtiles) character file.

Game seed: 10968364956428963855

0 Gargoyl the Skirmisher (level 1, -33/23 HPs)
             Began as a Gnoll Abyssal Knight on July 18, 2020.
             Was a Follower of Lugonu.
             Annihilated by a large abomination (34 damage)
             ... on level 1 of the Abyss.
             The game lasted 00:00:12 (71 turns).

Gargoyl the Skirmisher (Gnoll Abyssal Knight)         Turns: 71, Time: 00:00:14

Health: -33/23     AC:  3    Str: 14    XL:     1   Next: 0%
Magic:  3/3        EV: 12    Int: 14    God:    Lugonu [*.....]
Gold:   18         SH:  0    Dex: 14    Spells: 0/0 levels left

rFire    . . .     SeeInvis .   a - +1 hand axe
rCold    . . .     Faith    .   (no shield)
rNeg     . . .     Spirit   .   b - +0 leather armour
rPois    .         Reflect  .   (no helmet)
rElec    .         Harm     .   (no cloak)
rCorr    .                      (no gloves)
MR       .....                  (no boots)
Stlth    +.........             (no amulet)
HPRegen  0.07/turn              (no ring)
MPRegen  0.08/turn              (no ring)

@: weakened
A: distributed training, fangs 1, strong nose
a: Depart the Abyss, Renounce Religion


You were on level 1 of the Abyss.
You worshipped Lugonu.
Lugonu was aware of your devotion.
You visited 0 branches of the dungeon, and saw 0 of its levels.
You visited the Abyss 1 time.

You collected 18 gold pieces.

Inventory:

Hand Weapons
 a - a +1 hand axe (weapon)
Armour
 b - a +0 leather armour (worn)
Scrolls
 c - a scroll of enchant armour {unknown}


   Skills:
 + Level 6.4 Fighting
 + Level 0.0 Short Blades
 + Level 0.0 Long Blades
 + Level 4.4 Axes
 + Level 0.0 Maces & Flails
 + Level 0.0 Polearms
 + Level 0.0 Staves
 + Level 0.0 Slings
 + Level 0.0 Bows
 + Level 0.0 Crossbows
 + Level 0.0 Throwing
 + Level 4.4 Armour
 + Level 2.3 Dodging
 + Level 0.0 Stealth
 + Level 0.0 Shields
 + Level 0.0 Unarmed Combat
 + Level 0.0 Spellcasting
 + Level 0.0 Conjurations
 + Level 0.0 Hexes
   Level 0.0 Charms
 + Level 0.0 Summonings
 + Level 0.0 Necromancy
 + Level 0.0 Translocations
 + Level 0.0 Transmutations
 + Level 0.0 Fire Magic
 + Level 0.0 Ice Magic
 + Level 0.0 Air Magic
 + Level 0.0 Earth Magic
 + Level 0.0 Poison Magic
 + Level 4.4 Invocations
 + Level 0.0 Evocations


You couldn't memorise any spells.
You didn't know any spells.
Your spell library was empty.

Dungeon Overview and Level Annotations

Branches:
Dungeon (0/15)

Altars:


Innate Abilities, Weirdness & Mutations

Your experience applies equally to all skills.
You have very sharp teeth.
Your uncanny sense of smell can sniff out nearby items.


Message History

Unknown command.
The starspawn tentacle grabs you.
* * * LOW HITPOINT WARNING * * *
The starspawn tentacle constricts you.
The starspawn tentacle's grasp on you weakens, but your attempt to escape fails.
The starspawn tentacle loses its grip on you.
The crimson imp blinks!
Unknown command.
The large abomination hits you but does no damage.
The starspawn tentacle grabs you.
* * * LOW HITPOINT WARNING * * *
The starspawn tentacle constricts you.
You see here a scroll labeled SODOUF TOHUTOPEKU.
c - a scroll labeled SODOUF TOHUTOPEKU
* * * LOW HITPOINT WARNING * * *
The starspawn tentacle constricts you.
The starspawn tentacle loses its grip on you.
The tentacle pulls you backwards! The large abomination hits you!!
Ouch! That really hurt!
You die...

.. .#. #...........
.#..#..###.#....
...... #...#.#.#§#..
... .. .
.#.........#.....#....
..#.#...#│##...###..3
#.#.....#.#.....#....
#§#......5..........
#####X.4.3......... .
#...@5>#... ..... ...
##..Xw##. #..... ....
#..#.##.#.##...### .
#...§.#...
.#.....#....
..###.####. ......
.... #. .. .# .
.......... . .# #.....
.... .. ##..... . ..
#... # ...


You could see a tentacled starspawn, an orange demon, a large abomination, a
neqoxec, a starspawn tentacle, a crimson imp (summoned) and an ufetubus
(summoned).

Vanquished Creatures (others)
  A starspawn tentacle (Abyss:1)
1 creature vanquished.

Notes
Turn   | Place    | Note
-------+----------+-------------------------------------------
     0 | Abyss:1  | Gargoyl the Gnoll Abyssal Knight began the quest for the
                  | Orb.
     0 | Abyss:1  | Reached XP level 1. HP: 23/23 MP: 3/3
    45 | Abyss:1  | Noticed a large abomination
    53 | Abyss:1  | Noticed a neqoxec
    54 | Abyss:1  | Noticed a crimson imp
    55 | Abyss:1  | Noticed a crimson imp
    55 | Abyss:1  | Noticed a tentacled starspawn
    55 | Abyss:1  | Noticed an orange demon
    71 | Abyss:1  | HP: 1/23 [starspawn tentacle[a tentacled starspawn] (3)]
    71 | Abyss:1  | Annihilated by a large abomination

Illustrated notes

Levels and vault maps discovered:
Abyss:1:  hangedman_abyss_lost_library

Action                   || total
-------------------------++-------
  Use: Scroll            ||     1
Armor: Leather armour    ||     1
Dodge: Dodged            ||     4

Table legend:
 A = Non-vault XP
 B = Vault XP
 C = Vault XP percentage of total XP
 D = Non-vault monster count
 E = Vault monster count
 F = Vault count percentage of total count
                 A         B        C        D         E       F
            +---------+---------+-------+---------+---------+-------
      Total |       0 |       0 |   N/A |       0 |       0 |  -nan
            +---------+---------+-------+---------+---------+-------
            +---------+---------+-------+---------+---------+-------
